 Dungeon Crawl Stone Soup version 0.28.0-53-g5a82cb258f (webtiles) character file.

Game seed: 8522891017546235740

900 Holzbalken the Cleaver (level 7, -1/85 HPs)
             Began as a Minotaur Fighter on May 22, 2022.
             Slain by a gnoll shaman
             ... wielding a +0 whip
              (3 damage)
             ... on level 5 of the Dungeon.
             The game lasted 00:08:47 (5165 turns).

Holzbalken the Cleaver (Minotaur Fighter)           Turns: 5165, Time: 00:08:47

Health: -1/85      AC: 23    Str: 21 (23) XL:     7   Next: 79%
Magic:  6/6        EV:  2    Int:  3 (5)  God:
Gold:   208        SH:  4    Dex:  8 (9)  Spells: 6/6 levels left

rFire   . . .      SeeInvis .   w - +0 war axe (vorpal)
rCold   . . .      Faith    .   c - +0 buckler
rNeg    . . .      Spirit   .   (armour currently unavailable)
rPois   +          Reflect  .   (helmet currently unavailable)
rElec   .          Harm     .   (cloak currently unavailable)
rCorr   .          Rampage  .   (gloves currently unavailable)
Will    +....      NoTele   +   (boots currently unavailable)
Stlth   +.........              (no amulet)
HPRegen 0.24/turn               f - ring of willpower
MPRegen 0.10/turn               (no ring)

@: tree-form
A: stationary, stasis, torment immunity, boosted hp, (horns 2), (retaliatory
headbutt)
a: no special abilities


You were on level 5 of the Dungeon.
You were a tree.
You visited 1 branch of the dungeon, and saw 5 of its levels.

You collected 208 gold pieces.

Inventory:

Hand Weapons
 a - a +0 war axe
 w - a +0 vorpal war axe (weapon)
Armour
 b - a +0 scale mail (melded)
 c - a +0 buckler (worn)
Jewellery
 f - a ring of willpower (left branch)
 u - a ring of flight
 z - a ring of willpower
Wands
 n - a wand of acid (8)
 r - a wand of polymorph (3)
Scrolls
 e - a scroll of magic mapping {unknown}
 g - 2 scrolls of immolation {unknown}
 h - 2 scrolls of enchant weapon {unknown}
 j - 6 scrolls of identify {unknown}
 m - a scroll of silence {unknown}
 p - 2 scrolls of teleportation {unknown}
 q - a scroll of enchant armour {unknown}
 s - a scroll of blinking {unknown}
 t - a scroll of noise {unknown}
 y - a scroll of vulnerability {unknown}
Potions
 d - a potion of might
 i - a potion of lignification
 k - a potion of degeneration
 l - a potion of curing {unknown}
 o - a potion of flight
 v - a potion of heal wounds {unknown}
 x - a potion of berserk rage {unknown}


   Skills:
 - Level 3.6 Fighting
 + Level 10.9 Axes
 - Level 3.6 Armour
 - Level 3.6 Shields


You had 6 spell levels left.
You didn't know any spells.
Your spell library was empty.

Dungeon Overview and Level Annotations

Branches:
Dungeon (5/15)
 Temple: D:4-7

Altars:
Elyvilon
Gozag
Makhleb

Shops:
D:5 *


Innate Abilities, Weirdness & Mutations

You are a tree.
Your roots penetrate the ground, keeping you stationary.
You cannot be teleported.
You are immune to unholy pain and torment.
Your maximum health is greatly increased.
Your equipment is partially melded.
((You have a pair of horns on your head.))
((You reflexively headbutt those who attack you in melee.))


Message History

You barely miss the gnoll.
You headbutt the gnoll, but do no damage.
The gnoll is severely wounded.
You hit the gnoll but do no damage. You barely miss the gnoll.
You slash the gnoll shaman! You block the gnoll's attack.
The gnoll hits you with a +0 flail.
The gnoll shaman hits you with a +0 whip!
The gnoll hits you with a +0 club!
You slash the gnoll!
You kill the gnoll!
You barely miss the gnoll. You hit the gnoll.
You kill the gnoll!
You hit the gnoll shaman. The gnoll hits you with a +0 flail!
* * * LOW HITPOINT WARNING * * *
The gnoll shaman hits you with a +0 whip!
* * * LOW HITPOINT WARNING * * *
You slash the gnoll! Your headbutt misses the gnoll.
The gnoll is almost dead.
You closely miss the gnoll. You barely miss the gnoll shaman.
The gnoll hits you with a +0 flail.
* * * LOW HITPOINT WARNING * * *
You block the gnoll shaman's attack. The gnoll barely misses you.
It was a potion of flight.
You feel very buoyant.
You fly up into the air.
The gnoll closely misses you.
The gnoll shaman hits you but does no damage.
The gnoll hits you but does no damage.
It was a potion of degeneration.
There was something very wrong with that liquid.
You feel weakened.
You feel dopey.
You feel clumsy. The gnoll hits you with a +0 flail.
* * * LOW HITPOINT WARNING * * *
The gnoll shaman prays to its god.
The gnoll shaman is healed somewhat.
The gnoll hits you with a +0 club.
* * * LOW HITPOINT WARNING * * *
It was a potion of lignification.
You turn into a tree.
Your +0 scale mail melds into your body.
Your roots penetrate the ground.
The gnoll hits you but does no damage.
The gnoll shaman hits you with a +0 whip.
You die...

...##∩...∩#
.#######.## #.#
##.###...## #..#
#)# ....###### ##
##.## #.# ....#
..####.##..# #.#
###.## ....
#.....###.## ..#..#
##..###.###.#.#...
..#..##### #......
#.#.#..# ..#......#
#gg## #)#.#..#
.........# #♣g#
#......# ..#......#
##.)# ##..#..#
..#......# #...#
###..#..#
..#......#
##..#######.......#
###......#
#........#.##.#.##
.........#
##.#..##.#.##...#
.........#
#....##.#.###..#
.........#
###.......###..#
.........#
#..............#


You could see a gnoll shaman and 2 gnolls.

Vanquished Creatures
  A sky beast (D:5)
  A hornet zombie (D:5)
  An ogre (D:5)
  2 centaurs
  Blork the orc (D:4)
  A scorpion (D:5)
  The ghost of spica the Conjurer, a weakling DrCj (D:3)
  A jelly (D:4)
  An iguana (D:5)
  Terence (D:3)
  Natasha (thrice) (D:3)
  A hound zombie (D:5)
  2 gnolls (D:5)
  5 adders
  An ufetubus (D:5)
  A worm (D:2)
  3 orcs
  7 ball pythons
  4 bats
  7 endoplasms
  4 giant cockroaches
  5 hobgoblins
  8 jackals
  8 kobolds
  6 quokkas
  4 frilled lizards
  6 goblins
  5 rats
91 creatures vanquished.

Notes
Turn   | Place    | Note
-------+----------+-------------------------------------------
     0 | D:1      | Holzbalken the Minotaur Fighter began the quest for the
                  | Orb.
     0 | D:1      | Reached XP level 1. HP: 19/19 MP: 0/0
   165 | D:1      | Reached skill level 3 in Axes
   286 | D:1      | Reached XP level 2. HP: 18/26 MP: 1/1
   545 | D:1      | Found a faded altar of an unknown god.
   695 | D:1      | Reached skill level 4 in Axes
  1046 | D:1      | Reached XP level 3. HP: 31/31 MP: 2/2
  2124 | D:3      | Reached skill level 5 in Axes
  2325 | D:3      | Reached XP level 4. HP: 39/39 MP: 3/3
  2366 | D:3      | Noticed Natasha
  2371 | D:3      | Killed Natasha
  2470 | D:3      | Noticed Natasha
  2480 | D:3      | Killed Natasha
  2481 | D:3      | Reached skill level 6 in Axes
  2636 | D:3      | Noticed Natasha
  2643 | D:3      | Killed Natasha
  2644 | D:3      | Reached XP level 5. HP: 40/45 MP: 4/4
  2691 | D:3      | Found a runed translucent gate.
  2691 | D:3      | Found a runed translucent gate.
  2691 | D:3      | Found a runed translucent gate.
  2692 | D:3      | Found an opulent altar of Gozag.
  2693 | D:3      | Noticed spica's ghost (weakling DrCj)
  2693 | D:3      | Noticed a centaur
  2703 | D:3      | Killed a centaur
  2704 | D:3      | Reached skill level 7 in Axes
  2709 | D:3      | Killed spica's ghost
  2710 | D:3      | Reached XP level 6. HP: 9/51 MP: 5/5
  3165 | D:3      | Noticed Terence
  3174 | D:3      | Killed Terence
  3396 | D:4      | Noticed Blork the orc
  3401 | D:4      | Killed Blork the orc
  3402 | D:4      | Reached skill level 8 in Axes
  3448 | D:4      | Found a white marble altar of Elyvilon.
  4137 | D:5      | Entered Level 5 of the Dungeon
  4138 | D:5      | Found a burning altar of Makhleb.
  4157 | D:5      | Found Barog's CLEARANCE SALE!.
  4547 | D:5      | Noticed a sky beast
  4561 | D:5      | Killed a sky beast
  4562 | D:5      | Reached skill level 9 in Axes
  4562 | D:5      | Reached XP level 7. HP: 49/57 MP: 6/6
  4778 | D:5      | Reached skill level 10 in Axes
  5164 | D:5      | HP: 1/57 [gnoll/+0 club (5)]
  5165 | D:5      | Slain by a gnoll shaman

Illustrated notes

Levels and vault maps discovered:
D:1:      dpeg_arrival_rooms_with_view, layout_basic,
          shapermc_ecumenical_altar_acropolis
D:2:      layout_loops_corners
D:3:      layout_basic, ebering_ghost_gozag, serial_bayou_pond_e, uniq_natasha,
          uniq_terence
D:4:      layout_loops_ring, elyvilon_altar_1, hangedman_decor_peaks_small,
          uniq_blork_the_orc
D:5:      layout_basic, lemuel_tele_altar, nicolae_shop_clearance

Skill      XL: |  1  2  3  4  5  6  7 |
---------------+----------------------+-----
Axes           | 3 4 5 6 7 9 10 | 10.9
Fighting       | |  3.6
Armour         | |  3.6
Shields        | |  3.6

Action                   |  1- 3 |  4- 6 |  7- 9 || total
-------------------------+-------+-------+-------++-------
Melee: War axe           |   117 |    79 |    27 ||   223
       Headbutt          |     8 |     4 |     6 ||    18
       Unarmed           |       |     6 |       ||     6
  Use: Potion            |       |       |     3 ||     3
Armor: Scale mail        |    49 |    26 |    12 ||    87
       Skin              |       |     1 |     1 ||     2
Dodge: Dodged            |    49 |    34 |    13 ||    96
Block: Buckler           |    28 |    12 |     8 ||    48
